[ PARTIDA AOE2 · #461575680 ]
Team RMItalianos vs Persians
[ ANÁLISIS DE REPETICIÓN · EXTRAÍDO DE LA PARTIDA GRABADA ]
Feudal
10:11
Castillos
14:32
Imperial
33:10
| APM promedio | 37.5 |
| APM pico | 81 |
| eAPM promedio | 20.4 |
| Aldeanos / militares | 103 / 194 |
Foco
⚔️ 45.4% · 🌾 54.6%
Spearman ×91 · Skirmisher ×54 · Archer ×44 · Monk ×2 · Trebuchet (Packed) ×2 · Trade Cart ×1
Feudal
10:10
Castillos
15:50
Imperial
35:17
| APM promedio | 18.9 |
| APM pico | 67 |
| eAPM promedio | 11.5 |
| Aldeanos / militares | 104 / 84 |
Foco
⚔️ 21.4% · 🌾 78.6%
Camel Scout ×42 · Archer ×26 · Scout Cavalry ×10 · Trade Cart ×9 · Spearman ×6
Feudal
11:39
Castillos
16:34
Imperial
37:06
| APM promedio | 34.3 |
| APM pico | 83 |
| eAPM promedio | 15.9 |
| Aldeanos / militares | 163 / 82 |
Foco
⚔️ 26.3% · 🌾 73.7%
Scout Cavalry ×45 · Knight ×36 · Unknown (882) ×6 · Spearman ×1
Feudal
9:21
Castillos
22:46
Imperial
—
| APM promedio | 26.1 |
| APM pico | 66 |
| eAPM promedio | 11.5 |
| Aldeanos / militares | 78 / 54 |
Foco
⚔️ 24.5% · 🌾 75.5%
Cavalry Archer ×29 · Mangudai ×20 · Trade Cart ×10 · Scout Cavalry ×4 · Monk ×1
Feudal
10:13
Castillos
22:45
Imperial
35:58
| APM promedio | 25.0 |
| APM pico | 55 |
| eAPM promedio | 14.9 |
| Aldeanos / militares | 104 / 62 |
Foco
⚔️ 25.6% · 🌾 74.4%
Fire Lancer ×24 · Archer ×14 · War Wagon ×8 · Iron Pagoda ×5 · Spearman ×4 · Trebuchet (Packed) ×4
Feudal
9:59
Castillos
19:52
Imperial
43:52
| APM promedio | 26.1 |
| APM pico | 68 |
| eAPM promedio | 13.0 |
| Aldeanos / militares | 84 / 55 |
Foco
⚔️ 26.0% · 🌾 74.0%
Camel Scout ×22 · Scout Cavalry ×16 · Chakram Thrower ×14 · Monk ×2 · Mangonel ×1
Feudal
9:00
Castillos
21:58
Imperial
35:07
| APM promedio | 39.8 |
| APM pico | 85 |
| eAPM promedio | 17.7 |
| Aldeanos / militares | 117 / 184 |
Foco
⚔️ 27.2% · 🌾 72.8%
Steppe Lancer ×116 · Scout Cavalry ×66 · Knight ×2
Feudal
10:47
Castillos
16:13
Imperial
—
| APM promedio | 30.3 |
| APM pico | 71 |
| eAPM promedio | 17.4 |
| Aldeanos / militares | 158 / 95 |
Foco
⚔️ 18.3% · 🌾 81.7%
Scout Cavalry ×77 · Knight ×10 · Mangonel ×5 · Scorpion ×3
Mapa de la partida
Recursos al inicio + cada clic de construcción. Línea gruesa = muro · recuadro discontinuo = muro de casas detectado. 🟡 oro · ⚪ piedra · 🟢 bayas · 🔶 jabalí · ⭕ reliquia
Inputs por minuto
— 铅笔画钢琴 - - Sargon II
Build order — 铅笔画钢琴
Primeras 150 de 470 acciones detectadas
| 0:01 | Crear | Villager (Male) |
| 0:01 | Crear | Villager (Male) |
| 0:02 | Construir | House |
| 0:04 | Construir | House |
| 0:30 | Crear | Villager (Male) |
| 0:32 | Crear | Villager (Male) |
| 1:31 | Crear | Villager (Male) |
| 2:02 | Crear | Villager (Male) |
| 2:30 | Crear | Villager (Male) |
| 2:30 | Crear | Villager (Male) |
| 2:36 | Construir | Lumber Camp |
| 3:01 | Crear | Villager (Male) |
| 3:01 | Crear | Villager (Male) |
| 3:31 | Crear | Villager (Male) |
| 3:31 | Crear | Villager (Male) |
| 4:11 | Crear | Villager (Male) |
| 4:11 | Crear | Villager (Male) |
| 4:19 | Construir | Mill |
| 4:57 | Crear | Villager (Male) |
| 5:05 | Crear | Villager (Male) |
| 5:35 | Construir | House |
| 5:51 | Crear | Villager (Male) |
| 6:06 | Construir | House |
| 6:10 | Construir | Palisade Wall |
| 6:12 | Crear | Villager (Male) |
| 6:31 | Crear | Villager (Male) |
| 6:52 | Construir | Palisade Wall |
| 7:06 | Crear | Villager (Male) |
| 7:17 | Construir | Mining Camp |
| 7:28 | Crear | Villager (Male) |
| 7:47 | Construir | Palisade Wall |
| 7:52 | Investigar | Feudal Age |
| 8:33 | Construir | Palisade Wall |
| 8:38 | Crear | Villager (Male) |
| 8:39 | Crear | Villager (Male) |
| 9:31 | Construir | Palisade Gate |
| 10:11 | Edad | Edad Feudal |
| 10:24 | Construir | Market |
| 10:48 | Construir | Building 796 |
| 10:53 | Construir | Palisade Wall |
| 10:54 | Construir | Palisade Wall |
| 11:02 | Crear | Villager (Male) |
| 11:13 | Construir | Blacksmith |
| 11:27 | Crear | Villager (Male) |
| 11:46 | Construir | Palisade Wall |
| 11:49 | Construir | Palisade Wall |
| 11:51 | Investigar | Castle Age |
| 11:57 | Crear | Trade Cart |
| 12:02 | Investigar | Double-Bit Axe |
| 12:16 | Construir | Palisade Wall |
| 12:53 | Construir | Palisade Wall |
| 13:09 | Investigar | Horse Collar |
| 13:14 | Construir | Farm |
| 13:17 | Construir | Farm |
| 14:32 | Edad | Edad de los Castillos |
| 14:38 | Construir | Town Center |
| 14:48 | Investigar | Loom |
| 15:04 | Crear | Villager (Male) |
| 15:27 | Crear | Villager (Male) |
| 15:39 | Construir | Town Center |
| 15:47 | Crear | Villager (Male) |
| 15:59 | Crear | Villager (Male) |
| 16:06 | Crear | Villager (Male) |
| 16:12 | Construir | Farm |
| 16:16 | Construir | Farm |
| 16:23 | Construir | Farm |
| 16:38 | Construir | Farm |
| 16:39 | Crear | Villager (Male) |
| 16:41 | Crear | Villager (Male) |
| 16:44 | Construir | Farm |
| 16:52 | Construir | Farm |
| 17:06 | Crear | Villager (Male) |
| 17:10 | Construir | Farm |
| 17:19 | Construir | Farm |
| 17:40 | Construir | Farm |
| 17:45 | Construir | Barracks |
| 17:47 | Crear | Villager (Male) |
| 17:51 | Construir | Farm |
| 17:52 | Crear | Villager (Male) |
| 17:59 | Crear | Villager (Male) |
| 18:14 | Crear | Villager (Male) |
| 18:17 | Construir | Farm |
| 18:23 | Crear | Villager (Male) |
| 18:29 | Construir | Farm |
| 18:41 | Crear | Villager (Male) |
| 18:52 | Construir | Farm |
| 18:59 | Crear | Villager (Male) |
| 19:00 | Crear | Villager (Male) |
| 19:12 | Construir | Farm |
| 19:15 | Crear | Villager (Male) |
| 19:21 | Construir | Archery Range |
| 19:22 | Crear | Villager (Male) |
| 19:30 | Construir | Archery Range |
| 19:33 | Crear | Villager (Male) |
| 19:37 | Crear | Villager (Male) |
| 19:44 | Construir | House |
| 20:01 | Investigar | Wheelbarrow |
| 20:14 | Crear | Villager (Male) |
| 20:16 | Crear | Villager (Male) |
| 20:26 | Construir | Mining Camp |
| 20:35 | Construir | Palisade Wall |
| 20:41 | Crear | Villager (Male) |
| 20:53 | Construir | Farm |
| 20:54 | Crear | Villager (Male) |
| 20:57 | Crear | Villager (Male) |
| 21:05 | Construir | House |
| 21:07 | Construir | House |
| 21:13 | Investigar | Bow Saw |
| 21:17 | Crear | Archer |
| 21:19 | Crear | Archer |
| 21:20 | Crear | Villager (Male) |
| 21:36 | Construir | Archery Range |
| 21:40 | Investigar | Fletching |
| 21:41 | Crear | Villager (Male) |
| 21:48 | Construir | Farm |
| 21:49 | Crear | Villager (Male) |
| 21:59 | Crear | Villager (Male) |
| 22:07 | Crear | Archer |
| 22:15 | Investigar | Crossbowman (upgrade) |
| 22:18 | Crear | Villager (Male) |
| 22:26 | Construir | Palisade Wall |
| 22:32 | Construir | Palisade Wall |
| 22:41 | Crear | Villager (Male) |
| 22:45 | Crear | Archer |
| 22:46 | Crear | Villager (Male) |
| 22:57 | Construir | House |
| 22:58 | Construir | House |
| 23:01 | Crear | Villager (Male) |
| 23:06 | Crear | Villager (Male) |
| 23:10 | Crear | Archer |
| 23:18 | Construir | House |
| 23:19 | Construir | House |
| 23:20 | Crear | Villager (Male) |
| 23:23 | Crear | Archer |
| 23:32 | Construir | Palisade Wall |
| 23:38 | Construir | Lumber Camp |
| 23:39 | Crear | Villager (Male) |
| 23:44 | Crear | Villager (Male) |
| 23:45 | Crear | Villager (Male) |
| 23:48 | Crear | Archer |
| 23:56 | Construir | Palisade Wall |
| 24:09 | Crear | Archer |
| 24:09 | Crear | Archer |
| 24:20 | Crear | Archer |
| 24:22 | Crear | Villager (Male) |
| 24:25 | Crear | Spearman |
| 24:37 | Crear | Archer |
| 24:38 | Crear | Archer |
| 24:50 | Crear | Archer |
| 24:50 | Crear | Archer |
Build order — Sargon II
Primeras 150 de 290 acciones detectadas
| 0:07 | Crear | Villager (Male) ×5 |
| 1:37 | Crear | Villager (Male) |
| 1:38 | Crear | Villager (Male) |
| 1:51 | Construir | Lumber Camp |
| 2:00 | Crear | Villager (Male) |
| 2:00 | Crear | Villager (Male) |
| 2:12 | Crear | Villager (Male) |
| 2:13 | Crear | Villager (Male) |
| 2:40 | Construir | House |
| 2:51 | Construir | House |
| 3:30 | Construir | House |
| 3:38 | Crear | Villager (Male) |
| 3:39 | Crear | Villager (Male) |
| 4:14 | Crear | Villager (Male) |
| 4:14 | Crear | Villager (Male) |
| 4:14 | Crear | Villager (Male) |
| 5:53 | Construir | Barracks |
| 6:07 | Crear | Villager (Male) |
| 6:07 | Crear | Villager (Male) |
| 6:07 | Crear | Villager (Male) |
| 6:44 | Construir | Mill |
| 7:10 | Crear | Villager (Male) |
| 7:10 | Crear | Villager (Male) |
| 7:58 | Investigar | Feudal Age |
| 8:30 | Construir | Mining Camp |
| 8:58 | Construir | Mill |
| 9:41 | Crear | Villager (Male) |
| 9:41 | Crear | Villager (Male) |
| 9:42 | Crear | Villager (Male) |
| 9:42 | Crear | Villager (Male) |
| 10:10 | Edad | Edad Feudal |
| 10:10 | Construir | House |
| 10:12 | Construir | House |
| 10:17 | Crear | Spearman |
| 10:17 | Crear | Spearman |
| 11:05 | Construir | Blacksmith |
| 11:12 | Crear | Villager (Male) |
| 12:23 | Construir | Market |
| 12:30 | Crear | Villager (Male) |
| 13:25 | Investigar | Castle Age |
| 14:02 | Investigar | Double-Bit Axe |
| 14:43 | Crear | Villager (Male) |
| 14:43 | Crear | Villager (Male) |
| 14:55 | Investigar | Horse Collar |
| 15:50 | Edad | Edad de los Castillos |
| 15:54 | Construir | Town Center |
| 16:16 | Construir | Town Center |
| 16:26 | Crear | Villager (Male) |
| 16:35 | Construir | Farm |
| 16:35 | Construir | Farm |
| 16:36 | Construir | Farm |
| 16:44 | Crear | Villager (Male) |
| 16:57 | Crear | Villager (Male) |
| 16:57 | Crear | Villager (Male) |
| 17:05 | Crear | Villager (Male) |
| 17:23 | Construir | House |
| 17:25 | Construir | House |
| 17:28 | Crear | Villager (Male) |
| 17:29 | Crear | Villager (Male) |
| 17:43 | Crear | Villager (Male) |
| 17:43 | Crear | Villager (Male) |
| 17:49 | Crear | Villager (Male) |
| 17:50 | Crear | Villager (Male) |
| 17:55 | Crear | Villager (Male) |
| 18:05 | Crear | Villager (Male) |
| 18:13 | Construir | Farm |
| 18:13 | Construir | Farm |
| 18:21 | Crear | Villager (Male) |
| 18:22 | Crear | Villager (Male) |
| 18:27 | Construir | House |
| 18:36 | Construir | Farm |
| 18:36 | Construir | Farm |
| 18:52 | Crear | Villager (Male) |
| 18:53 | Crear | Villager (Male) |
| 18:53 | Crear | Villager (Male) |
| 19:02 | Crear | Spearman |
| 19:02 | Crear | Spearman |
| 19:16 | Crear | Villager (Male) |
| 19:16 | Crear | Villager (Male) |
| 19:22 | Construir | Farm |
| 19:22 | Construir | Farm |
| 19:26 | Crear | Villager (Male) |
| 19:27 | Crear | Villager (Male) |
| 19:35 | Construir | House |
| 19:37 | Construir | House |
| 19:57 | Crear | Villager (Male) |
| 19:57 | Crear | Villager (Male) |
| 19:57 | Crear | Villager (Male) |
| 20:07 | Construir | Farm |
| 20:07 | Construir | Farm |
| 20:08 | Construir | Farm |
| 20:08 | Construir | Farm |
| 20:09 | Construir | Farm |
| 20:09 | Construir | Farm |
| 20:10 | Construir | Farm |
| 20:10 | Construir | Farm |
| 20:20 | Construir | Farm |
| 20:20 | Construir | Farm |
| 20:20 | Construir | Farm |
| 20:23 | Crear | Villager (Male) |
| 20:24 | Crear | Villager (Male) |
| 20:24 | Crear | Villager (Male) |
| 20:38 | Crear | Villager (Male) |
| 20:38 | Crear | Villager (Male) |
| 20:38 | Crear | Villager (Male) |
| 20:38 | Crear | Villager (Male) |
| 20:57 | Construir | Farm |
| 20:58 | Construir | Farm |
| 20:58 | Construir | Farm |
| 20:58 | Construir | Farm |
| 20:59 | Construir | Farm |
| 21:00 | Construir | Farm |
| 21:12 | Crear | Villager (Male) |
| 21:13 | Crear | Villager (Male) |
| 21:41 | Construir | Stable |
| 21:52 | Construir | Stable |
| 22:03 | Crear | Villager (Male) |
| 22:03 | Crear | Villager (Male) |
| 22:06 | Crear | Villager (Male) |
| 22:06 | Crear | Villager (Male) |
| 22:21 | Crear | Villager (Male) |
| 22:21 | Crear | Villager (Male) |
| 22:29 | Construir | House |
| 22:29 | Construir | House |
| 22:30 | Construir | House |
| 22:30 | Construir | House |
| 22:30 | Construir | House |
| 22:35 | Construir | House |
| 23:07 | Investigar | Wheelbarrow |
| 23:20 | Crear | Villager (Male) |
| 23:20 | Crear | Villager (Male) |
| 23:21 | Crear | Villager (Male) |
| 23:56 | Construir | House |
| 23:57 | Construir | House |
| 23:57 | Construir | House |
| 23:57 | Construir | House |
| 23:58 | Construir | House |
| 24:01 | Crear | Villager (Male) |
| 24:01 | Crear | Villager (Male) |
| 24:01 | Crear | Villager (Male) |
| 24:10 | Construir | Farm |
| 24:10 | Construir | Farm |
| 24:11 | Construir | Farm |
| 24:11 | Construir | Farm |
| 24:19 | Construir | Castle |
| 24:26 | Crear | Camel Scout |
| 24:27 | Crear | Camel Scout |
| 24:27 | Crear | Camel Scout |
| 24:36 | Crear | Spearman |
| 25:05 | Crear | Camel Scout |
Build order — 羊了个羊
Primeras 150 de 413 acciones detectadas
| 0:02 | Crear | Villager (Male) |
| 0:02 | Crear | Villager (Male) |
| 0:02 | Crear | Villager (Male) |
| 0:02 | Crear | Villager (Male) |
| 0:05 | Construir | House |
| 0:06 | Construir | House |
| 0:37 | Construir | House |
| 0:40 | Construir | House |
| 1:42 | Crear | Villager (Male) |
| 2:35 | Crear | Villager (Male) |
| 3:14 | Crear | Villager (Male) |
| 3:14 | Crear | Villager (Male) |
| 3:14 | Crear | Villager (Male) |
| 3:50 | Crear | Villager (Male) |
| 3:50 | Crear | Villager (Male) |
| 4:36 | Construir | Mill |
| 4:41 | Crear | Villager (Male) |
| 4:41 | Crear | Villager (Male) |
| 4:41 | Crear | Villager (Male) |
| 4:42 | Crear | Villager (Male) |
| 4:59 | Crear | Villager (Male) |
| 4:59 | Crear | Villager (Male) |
| 5:22 | Crear | Villager (Male) |
| 5:22 | Crear | Villager (Male) |
| 5:22 | Crear | Villager (Male) |
| 5:52 | Construir | Lumber Camp |
| 5:56 | Crear | Villager (Male) |
| 5:56 | Crear | Villager (Male) |
| 5:56 | Crear | Villager (Male) |
| 6:24 | Crear | Villager (Male) |
| 6:24 | Crear | Villager (Male) |
| 6:48 | Crear | Villager (Male) |
| 7:03 | Crear | Villager (Male) |
| 7:03 | Crear | Villager (Male) |
| 7:03 | Crear | Villager (Male) |
| 7:25 | Crear | Villager (Male) |
| 7:26 | Crear | Villager (Male) |
| 7:30 | Construir | Mill |
| 7:56 | Construir | Mining Camp |
| 8:10 | Crear | Villager (Male) |
| 8:26 | Crear | Villager (Male) |
| 8:27 | Crear | Villager (Male) |
| 8:38 | Investigar | Feudal Age |
| 8:46 | Investigar | Loom |
| 8:46 | Investigar | Feudal Age |
| 9:42 | Construir | House |
| 9:56 | Construir | House |
| 9:58 | Construir | Palisade Wall |
| 10:58 | Construir | Barracks |
| 11:03 | Construir | Palisade Wall |
| 11:17 | Construir | Building 796 |
| 11:25 | Construir | House |
| 11:35 | Crear | Villager (Male) |
| 11:35 | Crear | Villager (Male) |
| 11:39 | Edad | Edad Feudal |
| 11:48 | Construir | Market |
| 12:05 | Crear | Villager (Male) |
| 12:30 | Crear | Villager (Male) |
| 13:06 | Construir | Stable |
| 13:10 | Crear | Villager (Male) |
| 13:43 | Construir | House |
| 13:49 | Construir | Palisade Wall |
| 13:50 | Construir | Palisade Wall |
| 13:54 | Investigar | Castle Age |
| 14:07 | Construir | Stable |
| 14:28 | Construir | House |
| 14:57 | Construir | Palisade Wall |
| 15:29 | Construir | Building 487 |
| 15:49 | Crear | Spearman |
| 16:05 | Construir | Building 487 |
| 16:16 | Construir | Stone Wall |
| 16:34 | Edad | Edad de los Castillos |
| 16:42 | Construir | Town Center |
| 16:51 | Construir | House |
| 16:54 | Construir | Palisade Wall |
| 17:15 | Crear | Knight |
| 17:16 | Crear | Knight |
| 17:16 | Crear | Knight |
| 17:16 | Crear | Knight |
| 17:31 | Construir | House |
| 17:34 | Construir | House |
| 17:35 | Construir | House |
| 17:37 | Construir | House |
| 17:38 | Construir | House |
| 17:42 | Crear | Knight |
| 18:08 | Crear | Villager (Male) |
| 18:08 | Crear | Villager (Male) |
| 18:08 | Crear | Villager (Male) |
| 18:09 | Crear | Villager (Male) |
| 18:19 | Crear | Villager (Male) |
| 18:28 | Crear | Knight |
| 18:28 | Crear | Knight |
| 18:31 | Crear | Knight |
| 18:49 | Investigar | Double-Bit Axe |
| 18:49 | Investigar | Double-Bit Axe |
| 19:10 | Crear | Villager (Male) |
| 19:11 | Crear | Villager (Male) |
| 19:22 | Construir | Blacksmith |
| 19:24 | Construir | House |
| 19:26 | Construir | House |
| 19:27 | Construir | House |
| 19:29 | Construir | House |
| 19:34 | Construir | Palisade Wall |
| 19:35 | Construir | Palisade Wall |
| 19:53 | Crear | Villager (Male) |
| 20:03 | Construir | Farm |
| 20:08 | Construir | Farm |
| 20:11 | Construir | Farm |
| 20:14 | Construir | Farm |
| 20:18 | Crear | Villager (Male) |
| 20:19 | Crear | Villager (Male) |
| 20:54 | Construir | Farm |
| 20:56 | Construir | Farm |
| 21:01 | Construir | Farm |
| 21:05 | Construir | Farm |
| 21:08 | Crear | Villager (Male) |
| 21:08 | Crear | Villager (Male) |
| 21:57 | Crear | Villager (Male) |
| 21:57 | Crear | Villager (Male) |
| 21:58 | Crear | Villager (Male) |
| 21:58 | Crear | Villager (Male) |
| 21:58 | Crear | Villager (Male) |
| 22:55 | Construir | Town Center |
| 23:05 | Construir | Lumber Camp |
| 23:08 | Construir | Farm |
| 23:10 | Construir | Farm |
| 23:10 | Crear | Villager (Male) |
| 23:11 | Crear | Villager (Male) |
| 23:11 | Crear | Villager (Male) |
| 23:11 | Crear | Villager (Male) |
| 23:30 | Crear | Villager (Male) |
| 23:30 | Crear | Villager (Male) |
| 23:30 | Crear | Villager (Male) |
| 23:39 | Construir | Farm |
| 23:41 | Crear | Villager (Male) |
| 23:42 | Crear | Villager (Male) |
| 24:02 | Construir | Mining Camp |
| 24:23 | Construir | Farm |
| 24:26 | Crear | Knight |
| 24:26 | Crear | Knight |
| 24:26 | Crear | Knight |
| 24:31 | Construir | Farm |
| 24:47 | Construir | Farm |
| 24:50 | Crear | Villager (Male) |
| 24:50 | Crear | Villager (Male) |
| 24:53 | Construir | Farm |
| 24:56 | Construir | Farm |
| 24:58 | Construir | Farm |
| 24:59 | Crear | Villager (Male) |
| 25:00 | Crear | Villager (Male) |
Build order — ravish.ratnam
Primeras 150 de 225 acciones detectadas
| 0:02 | Crear | Villager (Male) |
| 0:02 | Crear | Villager (Male) |
| 0:02 | Crear | Villager (Male) |
| 0:04 | Construir | House |
| 0:07 | Construir | House |
| 1:15 | Crear | Villager (Male) |
| 1:34 | Crear | Villager (Male) |
| 1:49 | Construir | Lumber Camp |
| 2:09 | Crear | Villager (Male) |
| 2:39 | Crear | Villager (Male) |
| 3:09 | Crear | Villager (Male) |
| 3:35 | Crear | Villager (Male) |
| 3:56 | Construir | Mill |
| 4:01 | Crear | Villager (Male) |
| 4:28 | Crear | Villager (Male) |
| 4:56 | Crear | Villager (Male) |
| 5:22 | Crear | Villager (Male) |
| 5:33 | Construir | House |
| 5:50 | Crear | Villager (Male) |
| 6:17 | Crear | Villager (Male) |
| 6:44 | Crear | Villager (Male) |
| 7:11 | Investigar | Feudal Age |
| 7:28 | Construir | Barracks |
| 9:06 | Crear | Villager (Male) |
| 9:07 | Crear | Villager (Male) |
| 9:21 | Edad | Edad Feudal |
| 9:26 | Construir | Stable |
| 9:46 | Construir | Mill |
| 10:09 | Crear | Scout Cavalry |
| 10:09 | Crear | Scout Cavalry |
| 10:23 | Construir | Blacksmith |
| 10:33 | Crear | Villager (Male) |
| 10:49 | Construir | House |
| 11:02 | Crear | Villager (Male) |
| 11:13 | Construir | House |
| 11:18 | Investigar | Scale Barding Armor |
| 11:19 | Crear | Scout Cavalry |
| 11:38 | Crear | Villager (Male) |
| 11:49 | Investigar | Forging |
| 11:53 | Crear | Scout Cavalry |
| 12:16 | Crear | Villager (Male) |
| 12:29 | Construir | Mining Camp |
| 12:45 | Investigar | Bloodlines |
| 12:48 | Crear | Villager (Male) |
| 13:09 | Construir | Stone Wall |
| 13:14 | Construir | Stone Wall |
| 13:37 | Construir | House |
| 14:06 | Construir | Mining Camp |
| 14:07 | Crear | Villager (Male) |
| 14:07 | Crear | Villager (Male) |
| 14:07 | Crear | Villager (Male) |
| 15:31 | Crear | Villager (Male) |
| 15:44 | Construir | Building 490 |
| 16:16 | Crear | Villager (Male) |
| 16:43 | Crear | Villager (Male) |
| 16:50 | Construir | Archery Range |
| 16:51 | Construir | Archery Range |
| 17:11 | Crear | Villager (Male) |
| 17:26 | Construir | Market |
| 17:33 | Investigar | Wheelbarrow |
| 19:11 | Construir | House |
| 19:12 | Construir | House |
| 19:13 | Construir | House |
| 19:15 | Construir | House |
| 19:19 | Construir | House |
| 19:24 | Construir | House |
| 19:40 | Construir | Stone Wall |
| 19:43 | Construir | Stone Wall |
| 20:06 | Investigar | Castle Age |
| 20:12 | Construir | Lumber Camp |
| 20:50 | Construir | Building 673 |
| 20:58 | Construir | Building 673 |
| 21:44 | Construir | Farm |
| 21:45 | Construir | Farm |
| 21:46 | Construir | Farm |
| 21:56 | Construir | Farm |
| 21:59 | Construir | Farm |
| 22:05 | Construir | Farm |
| 22:07 | Construir | Farm |
| 22:10 | Construir | Farm |
| 22:46 | Edad | Edad de los Castillos |
| 22:47 | Crear | Villager (Male) |
| 22:53 | Crear | Cavalry Archer |
| 22:53 | Crear | Cavalry Archer |
| 23:01 | Construir | Farm |
| 23:09 | Construir | Farm |
| 23:23 | Investigar | Double-Bit Axe |
| 23:30 | Crear | Cavalry Archer |
| 23:35 | Crear | Villager (Male) |
| 23:59 | Construir | Castle |
| 24:08 | Investigar | Horse Collar |
| 24:09 | Crear | Villager (Male) |
| 24:12 | Crear | Cavalry Archer |
| 24:13 | Crear | Cavalry Archer |
| 24:39 | Crear | Villager (Male) |
| 24:53 | Construir | Farm |
| 24:58 | Investigar | Fletching |
| 25:06 | Construir | Farm |
| 25:08 | Crear | Villager (Male) |
| 25:12 | Crear | Cavalry Archer |
| 25:12 | Crear | Cavalry Archer |
| 25:32 | Construir | Mining Camp |
| 25:40 | Crear | Cavalry Archer |
| 25:51 | Construir | Farm |
| 25:53 | Crear | Villager (Male) |
| 25:58 | Construir | Farm |
| 26:00 | Construir | Farm |
| 26:07 | Investigar | Bodkin Arrow |
| 26:10 | Crear | Cavalry Archer |
| 27:11 | Crear | Villager (Male) |
| 27:14 | Construir | Farm |
| 27:16 | Crear | Villager (Male) |
| 27:26 | Construir | Town Center |
| 27:34 | Crear | Cavalry Archer |
| 27:57 | Investigar | Padded Archer Armor |
| 27:59 | Crear | Cavalry Archer |
| 27:59 | Crear | Cavalry Archer |
| 28:05 | Crear | Villager (Male) |
| 28:06 | Crear | Villager (Male) |
| 28:35 | Crear | Villager (Male) |
| 28:35 | Crear | Villager (Male) |
| 28:48 | Crear | Villager (Male) |
| 28:56 | Construir | University |
| 29:30 | Crear | Cavalry Archer |
| 29:30 | Crear | Cavalry Archer |
| 29:31 | Crear | Cavalry Archer |
| 29:31 | Crear | Cavalry Archer |
| 29:36 | Crear | Villager (Male) |
| 31:00 | Investigar | Ballistics |
| 31:04 | Construir | Monastery |
| 31:06 | Crear | Cavalry Archer |
| 31:10 | Crear | Villager (Male) |
| 31:10 | Crear | Villager (Male) |
| 31:11 | Crear | Villager (Male) |
| 31:13 | Crear | Villager (Male) |
| 31:13 | Crear | Villager (Male) |
| 31:13 | Crear | Villager (Male) |
| 31:37 | Crear | Cavalry Archer |
| 31:44 | Investigar | Thumb Ring |
| 31:50 | Crear | Villager (Male) |
| 31:52 | Crear | Monk |
| 32:09 | Crear | Villager (Male) |
| 32:09 | Crear | Villager (Male) |
| 32:39 | Crear | Villager (Male) |
| 32:55 | Crear | Cavalry Archer |
| 32:56 | Crear | Cavalry Archer |
| 33:24 | Crear | Villager (Male) |
| 33:24 | Crear | Villager (Male) |
| 33:26 | Crear | Villager (Male) |
| 33:26 | Crear | Villager (Male) |
Build order — 逗C
Primeras 150 de 292 acciones detectadas
| 0:02 | Crear | Villager (Male) |
| 0:02 | Crear | Villager (Male) |
| 0:04 | Construir | House |
| 0:05 | Construir | House |
| 0:10 | Crear | Villager (Male) |
| 0:11 | Crear | Villager (Male) |
| 0:11 | Crear | Villager (Male) |
| 1:40 | Crear | Villager (Male) |
| 1:40 | Crear | Villager (Male) |
| 1:48 | Construir | Lumber Camp |
| 2:15 | Crear | Villager (Male) |
| 2:15 | Crear | Villager (Male) |
| 2:29 | Crear | Villager (Male) |
| 2:57 | Construir | House |
| 3:01 | Crear | Villager (Male) |
| 3:01 | Crear | Villager (Male) |
| 3:17 | Crear | Villager (Male) |
| 3:18 | Crear | Villager (Male) |
| 3:56 | Crear | Villager (Male) |
| 3:56 | Crear | Villager (Male) |
| 4:27 | Investigar | Loom |
| 5:01 | Crear | Villager (Male) |
| 5:01 | Crear | Villager (Male) |
| 5:02 | Crear | Villager (Male) |
| 5:02 | Crear | Villager (Male) |
| 5:08 | Construir | House |
| 5:13 | Crear | Villager (Male) |
| 5:48 | Construir | House |
| 6:12 | Construir | Mill |
| 6:25 | Crear | Villager (Male) |
| 7:12 | Crear | Villager (Male) |
| 7:38 | Crear | Villager (Male) |
| 7:49 | Construir | Mining Camp |
| 8:02 | Investigar | Feudal Age |
| 9:21 | Construir | Barracks |
| 9:51 | Crear | Villager (Male) |
| 9:52 | Crear | Villager (Male) |
| 10:13 | Edad | Edad Feudal |
| 10:32 | Construir | Archery Range |
| 10:35 | Construir | Palisade Wall |
| 10:38 | Construir | Palisade Wall |
| 10:46 | Crear | Villager (Male) |
| 10:50 | Construir | Palisade Wall |
| 11:06 | Crear | Villager (Male) |
| 11:24 | Crear | Archer |
| 11:24 | Crear | Archer |
| 11:36 | Construir | Archery Range |
| 11:41 | Crear | Villager (Male) |
| 11:45 | Crear | Archer |
| 11:54 | Construir | Palisade Wall |
| 11:56 | Construir | Palisade Wall |
| 11:59 | Construir | Palisade Wall |
| 12:14 | Construir | Palisade Wall |
| 12:24 | Construir | House |
| 12:36 | Construir | House |
| 12:56 | Construir | Blacksmith |
| 12:58 | Crear | Villager (Male) |
| 13:07 | Crear | Archer |
| 13:21 | Crear | Villager (Male) |
| 13:41 | Crear | Archer |
| 13:42 | Crear | Archer |
| 13:43 | Crear | Spearman |
| 13:43 | Crear | Spearman |
| 13:46 | Construir | House |
| 13:50 | Construir | House |
| 13:51 | Construir | House |
| 14:20 | Crear | Spearman |
| 14:33 | Construir | House |
| 14:45 | Crear | Spearman |
| 14:46 | Crear | Villager (Male) |
| 14:47 | Crear | Villager (Male) |
| 14:56 | Construir | House |
| 14:58 | Construir | Palisade Wall |
| 15:08 | Construir | House |
| 15:12 | Construir | House |
| 15:15 | Construir | Palisade Wall |
| 15:18 | Crear | Villager (Male) |
| 15:18 | Crear | Villager (Male) |
| 15:43 | Crear | Villager (Male) |
| 15:43 | Crear | Villager (Male) |
| 16:02 | Crear | Villager (Male) |
| 16:05 | Construir | Farm |
| 16:12 | Construir | Mill |
| 16:17 | Construir | Farm |
| 16:17 | Construir | Farm |
| 16:17 | Construir | Farm |
| 16:18 | Construir | Farm |
| 16:37 | Construir | House |
| 17:07 | Crear | Villager (Male) |
| 17:23 | Construir | Building 796 |
| 17:29 | Crear | Archer ×5 |
| 17:45 | Construir | Farm |
| 18:01 | Construir | Mining Camp |
| 18:59 | Crear | Villager (Male) |
| 19:07 | Construir | Farm |
| 20:05 | Investigar | Castle Age |
| 20:09 | Construir | Mill |
| 20:14 | Construir | Farm |
| 20:34 | Construir | Stone Wall |
| 20:37 | Construir | Stone Wall |
| 20:46 | Construir | Building 490 |
| 20:57 | Investigar | Double-Bit Axe |
| 21:32 | Investigar | Horse Collar |
| 22:00 | Construir | Stone Wall |
| 22:05 | Investigar | Wheelbarrow |
| 22:45 | Edad | Edad de los Castillos |
| 22:51 | Construir | Castle |
| 22:54 | Investigar | Crossbowman (upgrade) |
| 23:01 | Crear | Villager (Male) |
| 23:06 | Investigar | Bow Saw |
| 23:16 | Construir | Stone Wall |
| 23:29 | Investigar | Fletching |
| 23:29 | Investigar | Fletching |
| 23:56 | Crear | Villager (Male) |
| 24:11 | Construir | Siege Workshop |
| 24:17 | Crear | Villager (Male) |
| 24:17 | Crear | Villager (Male) |
| 24:45 | Crear | Villager (Male) |
| 24:51 | Construir | Stone Wall |
| 25:08 | Crear | Iron Pagoda |
| 25:34 | Construir | Lumber Camp |
| 25:40 | Crear | Villager (Male) |
| 26:01 | Crear | Fire Lancer |
| 26:01 | Crear | Fire Lancer |
| 26:02 | Crear | Fire Lancer |
| 26:04 | Crear | Fire Lancer |
| 26:15 | Crear | Villager (Male) |
| 26:15 | Crear | Villager (Male) |
| 26:38 | Construir | Lumber Camp |
| 26:51 | Crear | Villager (Male) |
| 26:51 | Crear | Villager (Male) |
| 26:52 | Crear | Villager (Male) |
| 27:02 | Construir | Farm |
| 27:02 | Construir | Farm |
| 27:10 | Crear | Iron Pagoda |
| 27:16 | Crear | Archer ×3 |
| 27:42 | Crear | Villager (Male) |
| 27:43 | Crear | Villager (Male) |
| 27:43 | Crear | Villager (Male) |
| 27:47 | Crear | Battering Ram |
| 28:16 | Crear | Villager (Male) |
| 28:16 | Crear | Villager (Male) |
| 28:22 | Crear | Battering Ram |
| 28:52 | Construir | Mining Camp |
| 28:55 | Construir | Farm |
| 29:24 | Construir | Market |
| 29:30 | Construir | Town Center |
| 29:43 | Construir | Castle |
| 30:25 | Crear | Villager (Male) |
| 30:26 | Crear | Villager (Male) |
Build order — Mezsar
Primeras 150 de 248 acciones detectadas
| 0:01 | Crear | Villager (Male) |
| 0:02 | Construir | House |
| 0:03 | Construir | House |
| 0:28 | Crear | Villager (Male) |
| 1:09 | Construir | Mill |
| 1:19 | Construir | Mill |
| 1:24 | Crear | Villager (Male) |
| 1:24 | Crear | Villager (Male) |
| 1:25 | Crear | Villager (Male) |
| 1:44 | Crear | Villager (Male) |
| 2:10 | Crear | Villager (Male) |
| 2:10 | Crear | Villager (Male) |
| 2:52 | Crear | Villager (Male) |
| 2:52 | Crear | Villager (Male) |
| 3:09 | Crear | Villager (Male) |
| 3:10 | Crear | Villager (Male) |
| 3:48 | Crear | Villager (Male) |
| 4:22 | Crear | Villager (Male) |
| 4:41 | Crear | Villager (Male) |
| 4:50 | Construir | Lumber Camp |
| 5:14 | Crear | Villager (Male) |
| 5:53 | Crear | Villager (Male) |
| 6:01 | Construir | Mill |
| 6:11 | Crear | Villager (Male) |
| 6:17 | Construir | House |
| 6:57 | Crear | Villager (Male) |
| 7:24 | Investigar | Loom |
| 7:47 | Investigar | Feudal Age |
| 8:20 | Construir | Barracks |
| 8:59 | Construir | House |
| 9:48 | Construir | House |
| 9:55 | Crear | Villager (Male) |
| 9:59 | Edad | Edad Feudal |
| 10:00 | Investigar | Double-Bit Axe |
| 10:06 | Construir | Stable |
| 10:24 | Investigar | Horse Collar |
| 10:29 | Construir | House |
| 10:33 | Crear | Villager (Male) |
| 10:50 | Crear | Villager (Male) |
| 11:05 | Crear | Villager (Male) |
| 11:10 | Construir | Mining Camp |
| 11:17 | Crear | Scout Cavalry |
| 11:29 | Crear | Villager (Male) |
| 11:43 | Crear | Scout Cavalry |
| 11:57 | Construir | Blacksmith |
| 12:17 | Crear | Villager (Male) |
| 12:37 | Crear | Villager (Male) |
| 12:45 | Construir | Farm |
| 12:45 | Construir | Farm |
| 12:45 | Construir | Farm |
| 12:46 | Construir | Farm |
| 12:46 | Construir | Farm |
| 12:48 | Crear | Villager (Male) |
| 13:21 | Crear | Villager (Male) |
| 13:41 | Crear | Villager (Male) |
| 13:47 | Construir | Stable |
| 13:50 | Crear | Scout Cavalry |
| 14:14 | Crear | Villager (Male) |
| 14:16 | Construir | Farm |
| 14:17 | Construir | Farm |
| 14:17 | Construir | Farm |
| 14:17 | Construir | Farm |
| 14:18 | Construir | Farm |
| 14:25 | Crear | Villager (Male) |
| 14:30 | Construir | Farm |
| 15:18 | Crear | Villager (Male) |
| 15:23 | Construir | House |
| 15:56 | Investigar | Wheelbarrow |
| 16:02 | Construir | House |
| 16:04 | Construir | House |
| 17:12 | Investigar | Castle Age |
| 17:23 | Construir | Palisade Wall |
| 17:33 | Investigar | Bloodlines |
| 18:01 | Crear | Camel Scout |
| 18:07 | Investigar | Scale Barding Armor |
| 18:14 | Construir | Mining Camp |
| 19:05 | Construir | Stone Wall |
| 19:10 | Construir | Stone Wall |
| 19:18 | Crear | Camel Scout |
| 19:18 | Crear | Camel Scout |
| 19:52 | Edad | Edad de los Castillos |
| 20:00 | Crear | Villager (Male) |
| 20:08 | Construir | Town Center |
| 20:14 | Construir | Siege Workshop |
| 20:19 | Crear | Villager (Male) |
| 20:21 | Investigar | Bow Saw |
| 20:24 | Investigar | Forging |
| 20:29 | Investigar | Gold Mining |
| 20:53 | Crear | Camel Scout |
| 20:53 | Crear | Camel Scout |
| 21:07 | Crear | Villager (Male) |
| 21:26 | Crear | Camel Scout |
| 21:26 | Crear | Camel Scout |
| 21:39 | Construir | Siege Workshop |
| 21:50 | Crear | Villager (Male) |
| 21:50 | Crear | Villager (Male) |
| 21:52 | Crear | Villager (Male) |
| 22:08 | Construir | Mill |
| 22:10 | Construir | Farm |
| 22:10 | Construir | Farm |
| 22:10 | Construir | Farm |
| 22:11 | Construir | Farm |
| 22:11 | Construir | Farm |
| 22:11 | Construir | Farm |
| 22:12 | Construir | Farm |
| 22:13 | Crear | Villager (Male) |
| 22:14 | Crear | Villager (Male) |
| 22:30 | Crear | Villager (Male) |
| 22:36 | Crear | Mangonel |
| 22:59 | Construir | Outpost |
| 23:06 | Crear | Villager (Male) |
| 23:08 | Crear | Villager (Male) |
| 23:24 | Construir | Monastery |
| 23:38 | Crear | Camel Scout |
| 23:38 | Crear | Camel Scout |
| 23:48 | Construir | Outpost |
| 23:51 | Crear | Villager (Male) |
| 23:58 | Crear | Monk |
| 24:30 | Crear | Villager (Male) |
| 24:32 | Crear | Villager (Male) |
| 25:15 | Crear | Villager (Male) |
| 25:25 | Crear | Camel Scout |
| 25:25 | Crear | Camel Scout |
| 26:18 | Crear | Villager (Male) |
| 26:21 | Crear | Villager (Male) |
| 26:30 | Construir | Castle |
| 26:43 | Investigar | Husbandry |
| 26:43 | Crear | Camel Scout |
| 26:43 | Crear | Camel Scout |
| 27:11 | Construir | Castle |
| 27:42 | Crear | Villager (Male) |
| 27:44 | Crear | Villager (Male) |
| 27:49 | Construir | Farm |
| 27:50 | Construir | Farm |
| 28:10 | Construir | Market |
| 28:42 | Construir | Outpost |
| 28:51 | Crear | Villager (Male) |
| 28:54 | Crear | Villager (Male) |
| 29:02 | Investigar | Town Watch |
| 29:06 | Construir | Stable |
| 29:07 | Construir | Stable |
| 29:08 | Construir | Stable |
| 29:21 | Construir | Outpost |
| 29:41 | Investigar | Hand Cart |
| 29:53 | Crear | Villager (Male) |
| 29:53 | Crear | Villager (Male) |
| 29:54 | Crear | Villager (Male) |
| 29:58 | Crear | Camel Scout |
| 29:58 | Crear | Camel Scout |
| 29:58 | Crear | Camel Scout |
Build order — MongoJuice
Primeras 150 de 407 acciones detectadas
| 0:03 | Construir | House |
| 0:04 | Construir | House |
| 0:05 | Crear | Villager (Male) |
| 0:05 | Crear | Villager (Male) |
| 0:08 | Crear | Villager (Male) |
| 0:08 | Crear | Villager (Male) |
| 1:47 | Crear | Villager (Male) |
| 1:47 | Crear | Villager (Male) |
| 1:51 | Construir | Lumber Camp |
| 2:18 | Crear | Villager (Male) |
| 2:18 | Crear | Villager (Male) |
| 2:44 | Crear | Villager (Male) |
| 2:48 | Crear | Villager (Male) |
| 2:48 | Crear | Villager (Male) |
| 3:25 | Crear | Villager (Male) |
| 3:25 | Crear | Villager (Male) |
| 3:53 | Crear | Villager (Male) |
| 4:20 | Crear | Villager (Male) |
| 4:40 | Construir | Mill |
| 4:51 | Crear | Villager (Male) |
| 5:19 | Crear | Villager (Male) |
| 5:19 | Crear | Villager (Male) |
| 5:39 | Crear | Villager (Male) |
| 5:41 | Crear | Villager (Male) |
| 6:02 | Crear | Villager (Male) |
| 6:50 | Investigar | Feudal Age |
| 6:50 | Investigar | Feudal Age |
| 8:02 | Construir | Barracks |
| 8:11 | Construir | House |
| 8:12 | Construir | House |
| 8:39 | Crear | Villager (Male) |
| 9:00 | Edad | Edad Feudal |
| 9:08 | Crear | Villager (Male) |
| 9:52 | Construir | Town Center |
| 9:58 | Crear | Villager (Male) |
| 10:01 | Crear | Villager (Male) |
| 10:04 | Investigar | Double-Bit Axe |
| 10:19 | Investigar | Loom |
| 10:21 | Crear | Villager (Male) |
| 10:21 | Crear | Villager (Male) |
| 10:59 | Construir | Stable |
| 11:02 | Crear | Villager (Male) |
| 11:11 | Crear | Villager (Male) |
| 11:12 | Crear | Villager (Male) |
| 11:34 | Crear | Villager (Male) |
| 11:37 | Crear | Villager (Male) |
| 11:49 | Investigar | Horse Collar |
| 11:55 | Construir | Farm |
| 11:56 | Crear | Villager (Male) |
| 12:03 | Crear | Scout Cavalry |
| 12:09 | Crear | Villager (Male) |
| 12:09 | Crear | Villager (Male) |
| 12:14 | Crear | Villager (Male) |
| 12:16 | Construir | Farm |
| 12:26 | Crear | Scout Cavalry |
| 12:43 | Construir | Farm |
| 12:48 | Crear | Villager (Male) |
| 12:50 | Crear | Scout Cavalry |
| 12:54 | Construir | Farm |
| 13:14 | Construir | House |
| 13:17 | Construir | House |
| 13:24 | Investigar | Wheelbarrow |
| 13:24 | Investigar | Wheelbarrow |
| 13:42 | Crear | Scout Cavalry |
| 13:47 | Crear | Villager (Male) |
| 13:57 | Crear | Villager (Male) |
| 14:03 | Construir | Blacksmith |
| 14:29 | Construir | Mining Camp |
| 14:30 | Crear | Scout Cavalry |
| 14:48 | Crear | Villager (Male) |
| 14:48 | Crear | Villager (Male) |
| 14:51 | Construir | Farm |
| 14:52 | Construir | Farm |
| 14:52 | Construir | Farm |
| 14:55 | Construir | Farm |
| 15:49 | Crear | Villager (Male) |
| 15:50 | Crear | Villager (Male) |
| 15:50 | Crear | Villager (Male) |
| 15:59 | Crear | Villager (Male) |
| 16:01 | Crear | Villager (Male) |
| 16:04 | Crear | Villager (Male) |
| 16:06 | Construir | Farm |
| 16:07 | Construir | Farm |
| 16:07 | Construir | Farm |
| 16:09 | Construir | Farm |
| 16:10 | Construir | Farm |
| 16:10 | Construir | Farm |
| 16:14 | Construir | Farm |
| 16:15 | Construir | Farm |
| 16:18 | Construir | House |
| 16:18 | Construir | House |
| 16:19 | Construir | House |
| 16:19 | Construir | House |
| 16:26 | Crear | Villager (Male) |
| 16:33 | Crear | Scout Cavalry |
| 16:39 | Construir | Stable |
| 17:16 | Crear | Villager (Male) |
| 17:33 | Construir | Farm |
| 17:37 | Construir | Farm |
| 17:37 | Construir | Farm |
| 17:37 | Construir | Farm |
| 17:40 | Crear | Villager (Male) |
| 17:56 | Construir | Farm |
| 18:07 | Crear | Villager (Male) |
| 18:08 | Crear | Villager (Male) |
| 18:36 | Crear | Villager (Male) |
| 18:36 | Crear | Villager (Male) |
| 18:41 | Construir | Farm |
| 18:44 | Construir | Farm |
| 18:48 | Construir | Farm |
| 18:48 | Construir | Farm |
| 18:48 | Construir | Farm |
| 18:51 | Construir | Farm |
| 19:09 | Construir | Farm |
| 19:16 | Construir | Lumber Camp |
| 19:18 | Investigar | Castle Age |
| 19:18 | Investigar | Castle Age |
| 19:20 | Crear | Villager (Male) |
| 19:33 | Construir | Farm |
| 19:33 | Construir | Farm |
| 19:33 | Construir | Farm |
| 19:34 | Construir | Farm |
| 19:37 | Crear | Villager (Male) |
| 19:41 | Investigar | Forging |
| 19:41 | Investigar | Forging |
| 19:49 | Crear | Scout Cavalry |
| 19:57 | Construir | Farm |
| 20:05 | Crear | Villager (Male) |
| 20:22 | Construir | Mining Camp |
| 20:24 | Crear | Villager (Male) |
| 20:27 | Investigar | Bloodlines |
| 20:27 | Investigar | Bloodlines |
| 20:34 | Investigar | Scale Barding Armor |
| 20:34 | Investigar | Scale Barding Armor |
| 20:34 | Investigar | Scale Barding Armor |
| 20:34 | Investigar | Scale Barding Armor |
| 20:38 | Construir | House |
| 20:39 | Construir | House |
| 20:40 | Construir | House |
| 20:42 | Crear | Villager (Male) |
| 21:03 | Construir | Stable |
| 21:06 | Crear | Villager (Male) |
| 21:15 | Investigar | Gold Mining |
| 21:23 | Crear | Villager (Male) |
| 21:38 | Crear | Scout Cavalry |
| 21:38 | Crear | Scout Cavalry |
| 21:39 | Crear | Scout Cavalry |
| 21:58 | Edad | Edad de los Castillos |
| 22:00 | Investigar | Light Cavalry (upgrade) |
| 22:01 | Crear | Knight |
Build order — B站孤岛求生
Primeras 150 de 405 acciones detectadas
| 0:04 | Crear | Villager (Male) |
| 0:04 | Crear | Villager (Male) |
| 0:04 | Crear | Villager (Male) |
| 0:04 | Crear | Villager (Male) |
| 0:04 | Crear | Villager (Male) |
| 0:07 | Construir | House |
| 0:10 | Construir | House |
| 1:03 | Construir | Lumber Camp |
| 1:37 | Crear | Villager (Male) |
| 2:28 | Crear | Villager (Male) |
| 2:28 | Crear | Villager (Male) |
| 2:28 | Crear | Villager (Male) |
| 3:14 | Crear | Villager (Male) |
| 3:14 | Crear | Villager (Male) |
| 3:14 | Crear | Villager (Male) |
| 3:15 | Crear | Villager (Male) |
| 3:44 | Crear | Villager (Male) |
| 3:44 | Crear | Villager (Male) |
| 3:54 | Crear | Villager (Male) |
| 4:16 | Construir | Mill |
| 4:29 | Crear | Villager (Male) |
| 4:29 | Crear | Villager (Male) |
| 4:29 | Crear | Villager (Male) |
| 5:16 | Crear | Villager (Male) |
| 5:16 | Crear | Villager (Male) |
| 5:27 | Crear | Villager (Male) |
| 5:31 | Construir | Mill |
| 5:56 | Crear | Villager (Male) |
| 5:57 | Crear | Villager (Male) |
| 5:57 | Crear | Villager (Male) |
| 6:34 | Crear | Villager (Male) |
| 6:34 | Crear | Villager (Male) |
| 6:35 | Crear | Villager (Male) |
| 6:35 | Crear | Villager (Male) |
| 7:45 | Construir | House |
| 7:48 | Construir | House |
| 8:27 | Investigar | Feudal Age |
| 8:57 | Construir | House |
| 8:58 | Construir | House |
| 9:04 | Construir | House |
| 9:06 | Construir | House |
| 9:12 | Construir | House |
| 9:14 | Construir | House |
| 10:21 | Construir | Palisade Wall |
| 10:27 | Construir | Palisade Wall |
| 10:31 | Construir | Palisade Wall |
| 10:37 | Construir | Palisade Wall |
| 10:42 | Construir | Palisade Wall |
| 10:47 | Edad | Edad Feudal |
| 10:53 | Construir | Market |
| 11:31 | Construir | Stone Wall |
| 11:33 | Construir | Building 490 |
| 11:37 | Investigar | Loom |
| 11:47 | Construir | Stone Wall |
| 11:56 | Construir | Stone Wall |
| 12:01 | Construir | Stone Wall |
| 12:13 | Construir | Blacksmith |
| 13:33 | Investigar | Castle Age |
| 13:53 | Investigar | Double-Bit Axe |
| 14:16 | Construir | Stone Wall |
| 14:17 | Construir | Stone Wall |
| 14:20 | Construir | Stone Wall |
| 14:21 | Construir | Stone Wall |
| 15:06 | Construir | Mining Camp |
| 15:20 | Construir | Farm |
| 15:23 | Investigar | Wheelbarrow |
| 16:06 | Construir | Lumber Camp |
| 16:13 | Edad | Edad de los Castillos |
| 16:16 | Construir | Stone Wall |
| 16:18 | Construir | Stone Wall |
| 16:33 | Construir | Farm |
| 16:35 | Crear | Villager (Male) |
| 17:02 | Construir | Farm |
| 17:54 | Construir | Town Center |
| 18:05 | Construir | Farm |
| 18:08 | Crear | Villager (Male) |
| 18:10 | Crear | Villager (Male) |
| 18:10 | Crear | Villager (Male) |
| 18:41 | Construir | Building 487 |
| 19:05 | Construir | Stone Wall |
| 19:09 | Construir | Stone Wall |
| 19:13 | Construir | Stone Wall |
| 19:13 | Construir | Stone Wall |
| 19:35 | Construir | Stone Wall |
| 20:00 | Crear | Villager (Male) |
| 20:00 | Crear | Villager (Male) |
| 20:00 | Crear | Villager (Male) |
| 20:01 | Crear | Villager (Male) |
| 20:07 | Construir | Farm |
| 20:07 | Construir | Farm |
| 20:07 | Construir | Farm |
| 20:08 | Construir | Farm |
| 20:08 | Construir | Farm |
| 20:08 | Construir | Farm |
| 20:08 | Construir | Farm |
| 20:25 | Construir | Stone Wall |
| 20:26 | Construir | Stone Wall |
| 20:36 | Construir | Stone Wall |
| 20:39 | Crear | Villager (Male) |
| 20:39 | Crear | Villager (Male) |
| 20:48 | Construir | House |
| 21:09 | Construir | Building 487 |
| 21:13 | Crear | Villager (Male) |
| 21:13 | Crear | Villager (Male) |
| 21:32 | Crear | Villager (Male) |
| 21:32 | Crear | Villager (Male) |
| 21:33 | Crear | Villager (Male) |
| 21:33 | Crear | Villager (Male) |
| 21:36 | Crear | Villager (Male) |
| 21:36 | Crear | Villager (Male) |
| 21:36 | Crear | Villager (Male) |
| 21:45 | Construir | Town Center |
| 21:59 | Construir | House |
| 22:11 | Construir | House |
| 22:19 | Construir | House |
| 22:20 | Crear | Villager (Male) |
| 22:20 | Crear | Villager (Male) |
| 22:20 | Crear | Villager (Male) |
| 22:21 | Crear | Villager (Male) |
| 22:21 | Crear | Villager (Male) |
| 22:37 | Construir | House |
| 22:39 | Crear | Villager (Male) |
| 22:39 | Crear | Villager (Male) |
| 22:39 | Crear | Villager (Male) |
| 22:41 | Crear | Villager (Male) |
| 22:47 | Construir | Farm |
| 22:47 | Construir | Farm |
| 22:47 | Construir | Farm |
| 22:48 | Construir | Farm |
| 22:48 | Crear | Villager (Male) |
| 22:49 | Crear | Villager (Male) |
| 22:49 | Crear | Villager (Male) |
| 22:57 | Construir | Farm |
| 23:14 | Construir | Mill |
| 23:18 | Crear | Villager (Male) |
| 23:18 | Crear | Villager (Male) |
| 23:18 | Crear | Villager (Male) |
| 23:27 | Crear | Villager (Male) |
| 23:28 | Crear | Villager (Male) |
| 23:28 | Crear | Villager (Male) |
| 23:28 | Crear | Villager (Male) |
| 23:41 | Construir | Farm |
| 23:42 | Construir | Farm |
| 23:43 | Construir | Farm |
| 23:46 | Crear | Villager (Male) |
| 23:46 | Crear | Villager (Male) |
| 23:46 | Crear | Villager (Male) |
| 23:50 | Construir | Farm |
| 23:51 | Crear | Villager (Male) |
| 23:51 | Crear | Villager (Male) |
Cronología de la partida
| 5:53 | Sargon II · first_building Barracks |
| 6:10 | 铅笔画钢琴 · wall_segment Palisade Wall x4 |
| 6:52 | 铅笔画钢琴 · wall_segment Palisade Wall x5 |
| 7:28 | ravish.ratnam · first_building Barracks |
| 7:47 | 铅笔画钢琴 · wall_segment Palisade Wall x4 |
| 8:02 | MongoJuice · first_building Barracks |
| 8:20 | Mezsar · first_building Barracks |
| 8:33 | 铅笔画钢琴 · wall_segment Palisade Wall x6 |
| 9:00 | MongoJuice · age_up feudal |
| 9:21 | ravish.ratnam · age_up feudal |
| 9:21 | 逗C · first_building Barracks |
| 9:26 | ravish.ratnam · first_building Stable |
| 9:58 | 羊了个羊 · wall_segment Palisade Wall x1 |
| 9:59 | Mezsar · age_up feudal |
| 10:06 | Mezsar · first_building Stable |
| 10:10 | Sargon II · age_up feudal |
| 10:11 | 铅笔画钢琴 · age_up feudal |
| 10:13 | 逗C · age_up feudal |
| 10:21 | B站孤岛求生 · wall_segment Palisade Wall x3 |
| 10:27 | B站孤岛求生 · wall_segment Palisade Wall x2 |
| 10:31 | B站孤岛求生 · wall_segment Palisade Wall x1 |
| 10:32 | 逗C · first_building Archery Range |
| 10:35 | 逗C · wall_segment Palisade Wall x1 |
| 10:37 | B站孤岛求生 · wall_segment Palisade Wall x9 |
| 10:38 | 逗C · wall_segment Palisade Wall x1 |
| 10:42 | B站孤岛求生 · wall_segment Palisade Wall x9 |
| 10:47 | B站孤岛求生 · age_up feudal |
| 10:50 | 逗C · wall_segment Palisade Wall x1 |
| 10:53 | 铅笔画钢琴 · wall_segment Palisade Wall x1 |
| 10:54 | 铅笔画钢琴 · wall_segment Palisade Wall x1 |
| 10:58 | 羊了个羊 · first_building Barracks |
| 10:59 | MongoJuice · first_building Stable |
| 11:03 | 羊了个羊 · wall_segment Palisade Wall x1 |
| 11:31 | B站孤岛求生 · wall_segment Stone Wall x12 |
| 11:39 | 羊了个羊 · age_up feudal |
| 11:46 | 铅笔画钢琴 · wall_segment Palisade Wall x3 |
| 11:47 | B站孤岛求生 · wall_segment Stone Wall x14 |
| 11:49 | 铅笔画钢琴 · wall_segment Palisade Wall x5 |
| 11:54 | 逗C · wall_segment Palisade Wall x6 |
| 11:56 | 逗C · wall_segment Palisade Wall x9 |
| 11:56 | B站孤岛求生 · wall_segment Stone Wall x3 |
| 11:59 | 逗C · wall_segment Palisade Wall x9 |
| 12:01 | B站孤岛求生 · wall_segment Stone Wall x13 |
| 12:14 | 逗C · wall_segment Palisade Wall x10 |
| 12:16 | 铅笔画钢琴 · wall_segment Palisade Wall x4 |
| 12:53 | 铅笔画钢琴 · wall_segment Palisade Wall x10 |
| 13:06 | 羊了个羊 · first_building Stable |
| 13:09 | ravish.ratnam · wall_segment Stone Wall x9 |
| 13:14 | ravish.ratnam · wall_segment Stone Wall x20 |
| 13:29 | B站孤岛求生 · first_market_sell 100 food |
| 13:49 | 羊了个羊 · wall_segment Palisade Wall x1 |
| 13:50 | 羊了个羊 · wall_segment Palisade Wall x1 |
| 14:16 | B站孤岛求生 · wall_segment Stone Wall x3 |
| 14:17 | B站孤岛求生 · wall_segment Stone Wall x1 |
| 14:20 | B站孤岛求生 · wall_segment Stone Wall x1 |
| 14:21 | B站孤岛求生 · wall_segment Stone Wall x1 |
| 14:32 | 铅笔画钢琴 · age_up castle |
| 14:57 | 羊了个羊 · wall_segment Palisade Wall x6 |
| 14:58 | 逗C · wall_segment Palisade Wall x1 |
| 15:15 | 逗C · wall_segment Palisade Wall x1 |
| 15:50 | Sargon II · age_up castle |
| 16:13 | B站孤岛求生 · age_up castle |
| 16:16 | 羊了个羊 · wall_segment Stone Wall x1 |
| 16:16 | B站孤岛求生 · wall_segment Stone Wall x1 |
| 16:18 | B站孤岛求生 · wall_segment Stone Wall x1 |
| 16:34 | 羊了个羊 · age_up castle |
| 16:50 | ravish.ratnam · first_building Archery Range |
| 16:54 | 羊了个羊 · wall_segment Palisade Wall x1 |
| 17:23 | Mezsar · wall_segment Palisade Wall x7 |
| 17:45 | 铅笔画钢琴 · first_building Barracks |
| 19:05 | Mezsar · wall_segment Stone Wall x5 |
| 19:05 | B站孤岛求生 · wall_segment Stone Wall x1 |
| 19:09 | B站孤岛求生 · wall_segment Stone Wall x1 |
| 19:10 | Mezsar · wall_segment Stone Wall x7 |
| 19:13 | B站孤岛求生 · wall_segment Stone Wall x1 |
| 19:13 | B站孤岛求生 · wall_segment Stone Wall x1 |
| 19:21 | 铅笔画钢琴 · first_building Archery Range |
| 19:34 | 羊了个羊 · wall_segment Palisade Wall x1 |
| 19:35 | 羊了个羊 · wall_segment Palisade Wall x1 |
| 19:35 | B站孤岛求生 · wall_segment Stone Wall x4 |
| 19:40 | ravish.ratnam · wall_segment Stone Wall x9 |
| 19:43 | ravish.ratnam · wall_segment Stone Wall x2 |
| 19:52 | Mezsar · age_up castle |
| 20:14 | Mezsar · first_building Siege Workshop |
| 20:25 | B站孤岛求生 · wall_segment Stone Wall x2 |
| 20:26 | B站孤岛求生 · wall_segment Stone Wall x1 |
| 20:34 | 逗C · wall_segment Stone Wall x10 |
| 20:35 | 铅笔画钢琴 · wall_segment Palisade Wall x6 |
| 20:36 | B站孤岛求生 · wall_segment Stone Wall x7 |
| 20:37 | 逗C · wall_segment Stone Wall x8 |
| 21:41 | Sargon II · first_building Stable |
| 21:58 | MongoJuice · age_up castle |
| 22:00 | 逗C · wall_segment Stone Wall x5 |
| 22:26 | 铅笔画钢琴 · wall_segment Palisade Wall x5 |
| 22:32 | 铅笔画钢琴 · wall_segment Palisade Wall x7 |
| 22:45 | 逗C · age_up castle |
| 22:46 | ravish.ratnam · age_up castle |
| 22:51 | 逗C · first_building Castle |
| 23:16 | 逗C · wall_segment Stone Wall x6 |
| 23:24 | Mezsar · first_building Monastery |
| 23:32 | 铅笔画钢琴 · wall_segment Palisade Wall x9 |
| 23:56 | 铅笔画钢琴 · wall_segment Palisade Wall x9 |
| 23:59 | ravish.ratnam · first_building Castle |
| 24:11 | 逗C · first_building Siege Workshop |
| 24:19 | Sargon II · first_building Castle |
| 24:51 | 逗C · wall_segment Stone Wall x8 |
| 24:54 | B站孤岛求生 · wall_segment Stone Wall x3 |
| 24:59 | B站孤岛求生 · wall_segment Stone Wall x2 |
| 25:00 | B站孤岛求生 · wall_segment Stone Wall x3 |
| 25:20 | B站孤岛求生 · wall_segment Stone Wall x1 |
| 25:26 | B站孤岛求生 · wall_segment Stone Wall x4 |
| 25:28 | B站孤岛求生 · wall_segment Stone Wall x4 |
| 25:29 | B站孤岛求生 · wall_segment Stone Wall x3 |
| 26:17 | B站孤岛求生 · first_building Siege Workshop |
| 26:30 | Mezsar · first_building Castle |
| 27:20 | 羊了个羊 · first_building Castle |
| 27:32 | Sargon II · wall_segment Stone Wall x7 |
| 27:38 | 铅笔画钢琴 · wall_segment Palisade Wall x7 |
| 27:40 | 铅笔画钢琴 · first_building Monastery |
| 29:00 | 铅笔画钢琴 · first_market_sell 100 food |
| 30:07 | B站孤岛求生 · wall_segment Stone Wall x4 |
| 30:08 | B站孤岛求生 · wall_segment Stone Wall x4 |
| 30:10 | Mezsar · wall_segment Stone Wall x5 |
| 30:50 | 逗C · first_market_sell 100 wood |
| 31:03 | MongoJuice · first_building Monastery |
| 31:04 | ravish.ratnam · first_building Monastery |
| 31:09 | 逗C · wall_segment Stone Wall x6 |
| 31:44 | B站孤岛求生 · wall_segment Stone Wall x4 |
| 31:45 | B站孤岛求生 · wall_segment Stone Wall x5 |
| 31:47 | B站孤岛求生 · wall_segment Stone Wall x4 |
| 31:48 | B站孤岛求生 · wall_segment Stone Wall x3 |
| 31:49 | B站孤岛求生 · wall_segment Stone Wall x4 |
| 31:50 | B站孤岛求生 · wall_segment Stone Wall x4 |
| 32:19 | B站孤岛求生 · first_building Barracks |
| 32:46 | B站孤岛求生 · first_building Stable |
| 33:10 | 铅笔画钢琴 · age_up imperial |
| 33:24 | B站孤岛求生 · wall_segment Stone Wall x1 |
| 33:24 | 羊了个羊 · first_building Siege Workshop |
| 33:30 | 逗C · wall_segment Stone Wall x7 |
| 33:52 | Mezsar · first_market_sell 100 food |
| 33:56 | 羊了个羊 · first_market_sell 100 wood |
| 33:57 | 逗C · wall_segment Stone Wall x1 |
| 33:59 | 铅笔画钢琴 · first_building Stable |
| 34:05 | 铅笔画钢琴 · first_building Castle |
| 34:27 | Mezsar · wall_segment Stone Wall x1 |
| 34:50 | B站孤岛求生 · first_building Monastery |
| 35:07 | MongoJuice · age_up imperial |
| 35:17 | Sargon II · age_up imperial |
| 35:17 | MongoJuice · first_building Castle |
| 35:19 | 铅笔画钢琴 · wall_segment Stone Wall x8 |
| 35:22 | MongoJuice · first_market_sell 500 food |
| 35:58 | 逗C · age_up imperial |
| 37:06 | 羊了个羊 · age_up imperial |
| 37:40 | B站孤岛求生 · first_building Castle |
| 37:59 | B站孤岛求生 · wall_segment Stone Wall x8 |
| 38:17 | B站孤岛求生 · wall_segment Stone Wall x4 |
| 38:57 | B站孤岛求生 · wall_segment Stone Wall x3 |
| 39:00 | B站孤岛求生 · wall_segment Stone Wall x2 |
| 39:45 | Sargon II · first_building Archery Range |
| 40:09 | Sargon II · first_market_sell 500 food |
| 41:22 | ravish.ratnam · first_market_sell 100 food |
| 41:26 | B站孤岛求生 · wall_segment Stone Wall x9 |
| 41:31 | B站孤岛求生 · wall_segment Stone Wall x10 |
| 42:06 | 羊了个羊 · first_building Monastery |
| 42:46 | B站孤岛求生 · resign |
| 43:52 | Mezsar · age_up imperial |
[ ANÁLISIS IA · 1 CRÉDITO ]
¿Qué pasó realmente en esta partida?
Wolo.gg analiza cada decisión: build order, eco, micro, errores típicos por bracket. Análisis personalizado por WhatsApp o Discord en 30 segundos.
Guía civ
Italianos
Guía mapa
MegaRandom
Perfil
铅笔画钢琴